Unix NetHack Version 3.7.0-88 Work-in-progress - last build Aug 6 2023 13:40:22 (5c9c4c7fffe0d5f0a8b1342c2a36a56ed743986a,branch:master). Game began 2023-08-15 11:57:06, ended 2023-08-15 12:01:56. Arasaka, neutral male gnomish Archeologist ----- --------- |....#####........| |...| #|........# |..>| #--------- |_..| ##################################--------------#- |....# # ## #|..............| -.---# # # #|....(.......... ###### # # #...............| ## ## #--------- ####|..............| ---------- ###### # #|.......| ## #----------------# |.......<| #----|---# #|........######### #######################-.....i@.| #.......|# #|.......| |........| |......|# #|.......| ---------- |......|# #-.......| |......|# --------- |.......# -------- Arasaka the Field Worker St:11 Dx:8 Co:15 In:12 Wi:17 Ch:10 Neutral Dlvl:4 $:66 HP:0(26) Pw:20(20) AC:7 Xp:3/62 T:1429 Latest messages: You lash the kobold lord. You lash the kobold lord. The kobold lord drinks a puce potion! The kobold lord looks much better. You lash the kobold lord. The kobold lord just misses! You lash the kobold lord. You lash the kobold lord. The kobold lord hits! You lash the kobold lord. You lash the kobold lord. The kobold lord hits! You kill the kobold lord! Where do you want to travel to? (For instructions type a '?') You climb up the stairs. Where do you want to travel to? (For instructions type a '?') You hear some noises in the distance. r - a sky blue potion. The door resists! The door resists! The door resists! The door resists! The door resists! The door opens. A homunculus suddenly appears close by! You miss the homunculus. The homunculus bites! You miss the homunculus. The homunculus bites! You are put to sleep by the homunculus! You wake up. You lash the homunculus. The homunculus bites! You lash the homunculus. The homunculus bites! You are put to sleep by the homunculus! The homunculus bites! The homunculus bites! The homunculus bites! The homunculus bites! The homunculus bites! The homunculus bites! The homunculus bites! The homunculus bites! You wake up. You miss the homunculus. The homunculus bites! You die... Inventory: Coins ('$') $ - 66 gold pieces Weapons (')') a - an uncursed +2 bullwhip (weapon in hand) Armor ('[') c - an uncursed +0 fedora (being worn) p - an uncursed +1 elven cloak (being worn) b - an uncursed +0 leather jacket (being worn) Comestibles ('%') o - an uncursed taco j - 6 uncursed food rations Scrolls ('?') q - an uncursed scroll of identify Potions ('!') i - a cursed potion of booze k - an uncursed potion of confusion m - an uncursed potion of gain ability l - an uncursed potion of gain energy n - an uncursed potion of gain level r - an uncursed potion of object detection Tools ('(') h - an empty uncursed sack e - an uncursed +0 pick-axe f - an uncursed tinning kit (0:49) Gems/Stones ('*') g - an uncursed touchstone Arasaka the Archeologist's attributes: Background: You were a Field Worker, a level 3 male gnomish Archeologist. You were neutral, on a mission for Camaxtli who was opposed by Quetzalcoatl (lawful) and Huhetotl (chaotic). You were in the Dungeons of Doom, on level 4. You entered the dungeon 1429 turns ago. There was a new moon in effect when your adventure ended. You had 62 experience points, 18 more were needed to attain level 4. Basics: You had 0 out of 26 hit points. You had all 20 energy points (spell power). Your armor class was 7. Your wallet contained 66 zorkmids. Autopickup was on for '$"?' plus thrown, with exceptions. Final Characteristics: Your strength was 11 (limit:18/50). Your dexterity was 8 (limit:18). Your constitution was 15 (limit:18). Your intelligence was 12 (limit:19). Your wisdom was 17 (limit:18). Your charisma was 10 (limit:18). Final Status: You were not hungry. You were unencumbered. You were wielding a whip. You had basic skill with whip. Final Attributes: You were devoutly aligned. You had automatic searching. You had infravision. You were stealthy. You were warded. You are dead. Miscellaneous: You disabled loading of bones levels. Total elapsed playing time was 4 minutes and 48 seconds. Major events: Turn 1: Arasaka the neutral male gnomish Archeologist entered the dungeon 385: entered the Gnomish Mines 916: attained the rank of Field Worker (level 3) 1429: killed by a homunculus Vanquished creatures: a kobold leader a rothe an acid blob a coyote a giant rat a gnome zombie 3 geckos 4 jackals a fox 2 goblins 2 grid bugs 4 lichens a kobold zombie 2 newts 25 creatures vanquished. No species were genocided or became extinct. Voluntary challenges: You were illiterate. You never engraved Elbereth. You never genocided any monsters. You never polymorphed an object. You never changed form. You used no wishes. Achievements: You entered the Gnomish Mines. You entered a shop. You attained the rank of Field Worker. The Dungeons of Doom: levels 1 to 5 Level 1: Some fountains. Level 2: A fountain. Stairs down to The Gnomish Mines. Level 3: A potion shop, a sink. Level 4: <- You were here. An altar. Final resting place for you, killed by a homunculus. Level 5: A scroll shop. The Gnomish Mines: levels 3 to 4 Level 3: Level 4: Game over: ---------- / \ / REST \ / IN \ / PEACE \ / \ | Arasaka | | 66 Au | | killed by a | | homunculus | | | | | | 2023 | *| * * * | * _________)/\\_//(\/(/\)/\//\/|_)_______ Goodbye Arasaka the Archeologist... You died in The Dungeons of Doom on dungeon level 4 with 508 points, and 66 pieces of gold, after 1429 moves. You were level 3 with a maximum of 26 hit points when you died.